 Dungeon Crawl Stone Soup version 0.23.2-33-g5129a83184 (webtiles) character file.

Game seed: 4951499120103861541

15930 Revguard the Basher (level 12, -8/113 HPs)
             Began as a Troll Gladiator on July 8, 2019.
             Was a High Priest of Okawaru.
             Mangled by a white ugly thing (31 damage)
             ... on level 12 of the Dungeon.
             The game lasted 00:30:51 (8851 turns).

Revguard the Basher (Troll Gladiator)               Turns: 8851, Time: 00:30:51

Health: -8/113     AC: 22    Str: 25    XL:     12   Next: 5%
Magic:  13/15      EV: 15    Int:  6    God:    Okawaru [*****.]
Gold:   680        SH:  0    Dex: 18    Spells: 11/11 levels left

rFire    + + .     SeeInvis .   q - +2 giant spiked club (chaos)
rCold    . . .     Gourm    +   (shield currently unavailable)
rNeg     . . .     Faith    .   k - +0 fire dragon scales
rPois    +         Spirit   .   c - +0 hat
rElec    .         Reflect  .   n - +0 cloak
rCorr    .         Harm     .   (gloves unavailable)
MR       .....     Rnd*Tele +   (boots unavailable)
Stlth    +.........             (no amulet)
HPRegen  0.68/turn              I - +3 ring of protection
MPRegen  0.14/turn              F - +3 ring of dexterity

@: heroism, hasted, very quick
A: large, unfitting armour, claws 3, fangs 1, talons 1, slimy green scales 1,
clever 1, cold resistance 1, fast metabolism 3, gourmand, poison resistance,
regeneration 1, shaggy fur 1, teleportitis 1, tough skin 3
a: Heroism, Finesse, Renounce Religion


You were on level 12 of the Dungeon.
You worshipped Okawaru.
Okawaru was extremely pleased with you.
You were completely stuffed.

You visited 1 branch of the dungeon, and saw 12 of its levels.

You collected 680 gold pieces.

Inventory:

Hand Weapons
 o - a +1 mace of holy wrath
 q - a +2 giant spiked club of chaos (weapon)
Missiles
 H - 8 large rocks (quivered)
Armour
 c - a +0 hat (worn)
 k - +0 fire dragon scales (worn)
 n - a +0 cloak (worn)
Jewellery
 B - an uncursed ring of protection from magic
 F - a +3 ring of dexterity (right claw)
 I - a +3 ring of protection (left claw)
 J - an uncursed ring of protection from cold
Wands
 y - a wand of polymorph (10)
 A - a wand of iceblast (2)
 C - a wand of scattershot (5)
 E - a wand of paralysis (8)
Scrolls
 b - 2 scrolls of enchant armour
 e - 9 scrolls of teleportation
 m - 3 scrolls of fog
 u - 4 scrolls of amnesia
 w - 5 scrolls of remove curse
 z - a scroll of blinking
Potions
 g - a potion of magic
 l - 4 potions of curing
 r - a potion of brilliance
 s - a potion of lignification
Miscellaneous
 i - a box of beasts
Comestibles
 d - a chunk of flesh
 f - 34 rations


   Skills:
 + Level 5.8(10.8) Fighting
 + Level 13.2(18.2) Maces & Flails
 + Level 3.0(8.0) Throwing
 + Level 5.3(10.3) Armour
 * Level 5.8(10.8) Dodging
 * Level 6.0 Invocations


You had 11 spell levels left.
You didn't know any spells.
Your spell library was empty.

Dungeon Overview and Level Annotations

Branches:
Dungeon (12/15)            Temple (0/1) D:7            Lair (0/6) D:11
    Orc (0/2) D:11

Altars:
Elyvilon
Hepliaklqana
Kikubaaqudgha
Makhleb
Nemelex Xobeh
Okawaru
Ru
Uskayaw
The Shining One

Shops:
D:4 :


Innate Abilities, Weirdness & Mutations

You are too large for most types of armour.
You have claws for hands.
Your metabolism is lightning-fast.
You like to eat raw meat.
Your natural rate of healing is unusually fast.
You are covered in fur. (AC +1)
You have extremely tough skin. (AC +3)
You have very sharp teeth.
You have sharp toenails.
You are partially covered in slimy green scales. (AC +2)
Your mind is acute. (Int +2)
Your flesh is cold resistant. (rC+)
Your system is resistant to poisons. (rPois)
You are occasionally teleported next to monsters.


Message History

You thump the white ugly thing!
The white ugly thing seems to speed up.
You claw the white ugly thing! Your bite misses the white ugly thing.
The white ugly thing is moderately wounded.
The white ugly thing engulfs you but does no damage.
You puncture the white ugly thing!
The white ugly thing flickers and vanishes!
Deactivating autopickup; reactivate with Ctrl-A.
You claw something!
The quasit bites you but does no damage.
The quasit claws you but does no damage.
The quasit closely misses you.
Something engulfs you but does no damage.
You closely miss something. You claw something.
Something engulfs you but does no damage.
The quasit barely misses you. The quasit misses you.
The quasit closely misses you.
You miss the quasit. Your kick misses the quasit. Something engulfs you.
* * * LOW HITPOINT WARNING * * *
Something freezes you!!
You die...

..#######z.#
........y#
#.#####.#
#......z# #
##.#####.######.
.###.##
#........ #(..##
#.####.## ##>##
#u# #5# #.# #z#
#@# #.# #.# #{#
#.# #.# #.# ##.#
##.####u# ##.#
#...u.((# ##.#
#..###### ##)#
#..#
##.#######..#
##..........#


You could see a white ugly thing and a quasit.

Vanquished Creatures
  A hydra (D:11)
  2 two-headed ogres (D:11)
  Pikel (D:5)
  3 cyclopes
  An ugly thing (D:12)
  A gargoyle (D:12)
  2 kobold demonologists
  2 trolls
  3 hornets
  A hippogriff (D:10)
  10 yaks
  Sigmund (D:5)
  2 water moccasins
  A soldier ant (D:9)
  Duvessa (D:7)
  7 orc warriors
  3 sky beasts
  A black bear (D:7)
  2 eyes of draining
  A slave (D:5)
  An eye of draining (shapeshifter) (D:10)
  4 ice beasts
  3 phantoms
  6 ogres
  8 centaurs
  A crocodile (D:10)
  Blork the orc (D:5)
  A gnoll sergeant (D:11)
  16 bullfrogs
  Dowan (D:7)
  A wyvern skeleton (D:10)
  4 scorpions
  4 killer bees (D:10)
  5 howler monkeys
  10 wights
  2 centaur zombies
  6 crimson imps
  8 orc priests
  2 bullfrog zombies
  2 quasits
  Crazy Yiuf (D:2)
  2 centaur skeletons
  A gnoll shaman (D:6)
  9 hounds
  2 jellies
  20 orc wizards
  3 bullfrog skeletons
  Jessica (D:2)
  4 iguanas
  12 worker ants
  2 hound skeletons (D:10)
  8 gnolls
  10 adders
  5 shadow imps
  An ooze (D:3)
  2 adder skeletons
  An adder zombie (D:5)
  6 worms
  2 dart slugs
  4 leopard geckos
  39 orcs
  4 ball pythons (D:4)
  8 giant cockroaches
  4 hobgoblins
  6 jackals (D:4)
  3 quokkas
  10 bats
  2 frilled lizards
  11 goblins
  A jackal zombie (D:5)
  2 kobolds
  A leopard gecko zombie (D:7)
  A quokka zombie (D:8)
  9 rats
  2 fungi
331 creatures vanquished.

Vanquished Creatures (others)
  A jelly (D:7)
  3 fungi (D:11)
4 creatures vanquished.

Grand Total: 335 creatures vanquished

Notes
Turn   | Place    | Note
-------+----------+-------------------------------------------
     0 | D:1      | Revguard the Troll Gladiator began the quest for the Orb.
     0 | D:1      | Reached XP level 1. HP: 19/19 MP: 0/0
   154 | D:1      | Reached skill level 3 in Maces & Flails
   236 | D:1      | Reached XP level 2. HP: 27/27 MP: 1/1
   788 | D:2      | Found a runed translucent door.
   789 | D:2      | Noticed Crazy Yiuf
   888 | D:2      | Killed Crazy Yiuf
   888 | D:2      | Reached XP level 3. HP: 13/35 MP: 0/2
   995 | D:2      | Found a hazy altar of Hepliaklqana.
   995 | D:2      | Noticed Jessica
  1001 | D:2      | Reached skill level 4 in Maces & Flails
  1001 | D:2      | Reached XP level 4. HP: 42/42 MP: 3/3
  1008 | D:2      | Killed Jessica
  1403 | D:3      | Reached XP level 5. HP: 46/49 MP: 4/4
  1724 | D:3      | Found a sacrificial altar of Ru.
  2332 | D:4      | Found an ancient bone altar of Kikubaaqudgha.
  2378 | D:4      | Gained mutation: You are occasionally teleported next to
                  | monsters. [potion of mutation]
  2378 | D:4      | Gained mutation: Your magical capacity is low. (-10% MP)
                  | [potion of mutation]
  2378 | D:4      | Gained mutation: Your flesh is cold resistant. (rC+)
                  | [potion of mutation]
  2378 | D:4      | Gained mutation: You have very sharp teeth. [potion of
                  | mutation]
  2434 | D:4      | Reached skill level 5 in Maces & Flails
  2467 | D:4      | Lost mutation: Your magical capacity is low. (-10% MP)
                  | [potion of mutation]
  2467 | D:4      | Gained mutation: You are partially covered in slimy green
                  | scales. (AC +2) [potion of mutation]
  2467 | D:4      | Gained mutation: Your mind is acute. (Int +2) [potion of
                  | mutation]
  2467 | D:4      | Gained mutation: You have sharp toenails. [potion of
                  | mutation]
  2467 | D:4      | Gained mutation: Your system is resistant to poisons.
                  | (rPois) [potion of mutation]
  2611 | D:4      | Found Coviet's Book Shoppe.
  2654 | D:4      | Noticed an ogre
  2662 | D:4      | Killed an ogre
  2662 | D:4      | Reached skill level 1 in Armour
  2662 | D:4      | Reached XP level 6. HP: 51/57 MP: 5/5
  3319 | D:5      | Entered Level 5 of the Dungeon
  3321 | D:5      | Noticed Blork the orc
  3326 | D:5      | Killed Blork the orc
  3326 | D:5      | Reached skill level 6 in Maces & Flails
  3426 | D:5      | Noticed Sigmund
  3439 | D:5      | Killed Sigmund
  3439 | D:5      | Reached XP level 7. HP: 63/66 MP: 6/6
  3692 | D:5      | Reached skill level 7 in Maces & Flails
  3782 | D:5      | Noticed Pikel
  3806 | D:5      | Killed Pikel
  3806 | D:5      | Reached skill level 8 in Maces & Flails
  3806 | D:5      | Reached XP level 8. HP: 71/75 MP: 7/7
  4297 | D:6      | Found an iron altar of Okawaru.
  4406 | D:6      | Became a worshipper of Warmaster Okawaru
  4928 | D:6      | Reached XP level 9. HP: 83/83 MP: 8/8
  4954 | D:7      | Reached skill level 9 in Maces & Flails
  5030 | D:7      | Noticed Dowan
  5033 | D:7      | Noticed Duvessa
  5043 | D:7      | Reached skill level 1 in Invocations
  5067 | D:7      | Killed Duvessa
  5067 | D:7      | Reached * piety under Okawaru
  5071 | D:7      | Killed Dowan
  5097 | D:7      | Found a hide-covered altar of Uskayaw.
  5114 | D:7      | Found a staircase to the Ecumenical Temple.
  5575 | D:8      | Reached skill level 10 in Maces & Flails
  5644 | D:8      | Reached ** piety under Okawaru
  5703 | D:8      | Reached XP level 10. HP: 43/92 MP: 7/11
  5750 | D:8      | Found a glowing golden altar of the Shining One.
  6005 | D:9      | Found a burning altar of Makhleb.
  6018 | D:9      | Found a white marble altar of Elyvilon.
  6018 | D:9      | Found a sparkling altar of Nemelex Xobeh.
  6086 | D:9      | Paralysed by a hornet for 1 turns
  6099 | D:9      | Reached skill level 11 in Maces & Flails
  6282 | D:9      | Reached *** piety under Okawaru
  6527 | D:9      | Noticed a cyclops
  6536 | D:9      | Killed a cyclops
  6646 | D:10     | Entered Level 10 of the Dungeon
  6709 | D:10     | Reached **** piety under Okawaru
  6849 | D:10     | Received a gift from Okawaru
  6849 | D:10     | Reached skill level 12 in Maces & Flails
  7318 | D:10     | Reached XP level 11. HP: 87/101 MP: 13/13
  7554 | D:11     | Noticed a five-headed hydra
  7564 | D:11     | Noticed a two-headed ogre
  7585 | D:11     | Paralysed by a hornet for 2 turns
  7601 | D:11     | Killed a five-headed hydra
  7609 | D:11     | Reached ***** piety under Okawaru
  7653 | D:11     | Killed a two-headed ogre
  7653 | D:11     | Reached skill level 5 in Fighting
  7653 | D:11     | Reached skill level 5 in Invocations
  7723 | D:11     | Received a gift from Okawaru
  7755 | D:11     | Reached skill level 5 in Dodging
  7813 | D:11     | Reached skill level 5 in Armour
  7841 | D:11     | Found a staircase to the Lair.
  7901 | D:11     | Found a staircase to the Orcish Mines.
  8176 | D:11     | Noticed a two-headed ogre
  8187 | D:11     | Killed a two-headed ogre
  8409 | D:12     | Noticed a white ugly thing
  8426 | D:12     | Killed a white ugly thing
  8486 | D:12     | Reached skill level 13 in Maces & Flails
  8527 | D:12     | Reached XP level 12. HP: 13/113 MP: 10/15
  8851 | D:12     | Mangled by a white ugly thing

Skill      XL: |  1  2  3  4  5  6  7  8  9 10 11 |
---------------+----------------------------------+-----
Maces & Flails | 3 4 5 6 8 10 12 13 | 13.2
Throwing       | 2 3 |  3.0
Dodging        | 3 4 5 |  5.8
Fighting       | 2 3 4 5 |  5.8
Armour         | 1 2 3 4 5 |  5.3
Invocations    | 2 4 6 |  6.0

Action                   |  1- 3 |  4- 6 |  7- 9 | 10-12 || total
-------------------------+-------+-------+-------+-------++-------
Melee: Flail             |    53 |       |       |       ||    53
       Mace              |     7 |   211 |   299 |       ||   517
       Kick              |       |    19 |   148 |   163 ||   330
       Bite              |       |    11 |    48 |    61 ||   120
       Giant club        |       |       |    31 |   279 ||   310
       Giant spiked club |       |       |       |   174 ||   174
Throw: Tomahawk          |     3 |     4 |    17 |       ||    24
       Throwing net      |       |       |     1 |       ||     1
       Large rock        |       |       |       |     5 ||     5
Invok: Heroism           |       |       |     2 |     6 ||     8
       Finesse           |       |       |       |     2 ||     2
Evoke: Wand              |       |       |       |     5 ||     5
  Use: Scroll            |       |     7 |     2 |    10 ||    19
       Potion            |       |     8 |     1 |     7 ||    16
  Eat: Chunk             |     9 |    28 |    22 |    29 ||    88
Armor: Robe              |    31 |       |       |       ||    31
       Fire dragon scale |     5 |   213 |   247 |   256 ||   721
Dodge: Dodged            |    50 |   177 |   207 |   220 ||   654
